 Dungeon Crawl Stone Soup version 0.19-a0-1071-g4ed3155 (webtiles) character file.

53 Charly the Sneak (level 3, -6/16 HPs)
             Began as a Spriggan Enchanter on Aug 5, 2016.
             Killed from afar by an orc wizard (7 damage)
             ... with a magic dart
             ... on level 3 of the Dungeon.
             The game lasted 00:03:48 (241 turns).

Charly the Sneak (Spriggan Enchanter)                Turns: 241, Time: 00:03:49

Health: -6/16      AC:  3    Str:  4    XL:     3   Next: 62%
Magic:  8/8        EV: 18    Int: 16    God:
Gold:   43         SH:  0    Dex: 17    Spells: 2 memorised, 4 levels left

rFire  . . .     SeeInvis +     k - +0 dagger (vamp)
rCold  . . .     Gourm    .     b - +1 robe
rNeg   . . .     Faith    .     (shield restricted)
rPois  .         Spirit   .     (helmet restricted)
rElec  .         Dismiss  .     (no cloak)
rCorr  .         Reflect  .     (gloves unavailable)
SustAt .         Harm     .     (boots unavailable)
MR     .....                    (no amulet)
Stlth  ++++......               (no ring)
                                (no ring)

@: very slightly contaminated, invisible, very quick
A: unfitting armour, see invisible, herbivore 3, speed 3, slow metabolism 2
a: no special abilities


You were on level 3 of the Dungeon.
You were not hungry.

You visited 1 branch of the dungeon, and saw 3 of its levels.

You collected 43 gold pieces.

Inventory:

Hand Weapons
 a - a +1 dagger
 k - a +0 vampiric dagger (weapon)
Armour
 b - a +1 robe (worn)
Scrolls
 h - a scroll of remove curse {unknown}
 i - a scroll of magic mapping {unknown}
Potions
 e - a potion of agility {unknown}
 f - a potion of invisibility
 g - a potion of mutation {unknown}
 j - a potion of cure mutation {unknown}
Books
 c - a book of Maledictions

   Spells                             Type                      Level
   a - Corona                         Hexes                        1
   b - Ensorcelled Hibernation        Hexes/Ice                    2
   c - Confuse                        Hexes                        3
   d - Tukima's Dance                 Hexes                        3
   e - Dazzling Spray                 Conjuration/Hexes            3


   Skills:
 - Level 1.1 Short Blades
 - Level 3.0 Dodging
 + Level 5.8 Stealth
 - Level 2.6 Spellcasting
 + Level 4.8 Hexes


You had 4 spell levels left.
You knew the following spells:

 Your Spells              Type           Power        Failure   Level  Hunger
a - Corona                Hex            ###....      2%          1    #......
h - Ensorcelled Hibernat  Hex/Ice        #.....       12%         2    ##.....


Dungeon Overview and Level Annotations

Branches:
Dungeon (3/15)

Altars:


Innate Abilities, Weirdness & Mutations

You are tiny and cannot use many weapons and most armour.
You have supernaturally acute eyesight. (SInv)
You are a herbivore.
You cover ground extremely quickly.
You need consume almost no food.


Message History

k - a +0 vampiric dagger (weapon)
You hit the orc wizard.
You feel better.
The orc wizard is lightly wounded.
The orc wizard misses you.
You hit the orc wizard but do no damage.
The orc wizard is lightly wounded.
You hit the orc wizard but do no damage.
The orc wizard is lightly wounded.
The orc wizard closely misses you.
You barely miss the orc wizard.
The orc wizard is lightly wounded.
The orc wizard hits you with a dagger.
* * * LOW HITPOINT WARNING * * *
Unknown command.
The orc shouts!
You hit the orc wizard but do no damage.
The orc wizard is lightly wounded.
The orc wizard points at you and mumbles some strange words.
The magic dart hits you!
You die...

#.###o#.o ## # ....... .#
#....#..# . .# #....#..#
.#+###.# ...#..#
.......######.#..#
.........).....o.#
......#######.##@########
#...........[.........
#.##..........######..
#.##..........#
#.##..........+
#.##..........#
#.##.#..........
#.##.#.########.#
#.##...# .#


You could see an orc wizard and an orc (wandering).

Vanquished Creatures
  An orc wizard (D:3)
  A gnoll (D:1)
  2 giant geckos (D:1)
  An orc (D:3)
  2 bats (D:1)
  2 giant cockroaches
  2 hobgoblins (D:1)
  A rat (D:1)
12 creatures vanquished.

Notes
Turn   | Place    | Note
-------+----------+-------------------------------------------
     0 | D:1      | Charly the Spriggan Enchanter began the quest for the Orb.
     0 | D:1      | Reached XP level 1. HP: 9/9 MP: 5/5
   112 | D:1      | Reached XP level 2. HP: 13/13 MP: 4/6
   127 | D:1      | Learned a level 2 spell: Ensorcelled Hibernation
   141 | D:1      | Reached skill level 5 in Stealth
   219 | D:3      | Reached XP level 3. HP: 4/16 MP: 6/8
   241 | D:3      | Killed from afar by an orc wizard

Vault maps used:
D:1:      saegor_arrival_simple_b

Skill      XL: |  1  2 |
---------------+-------+-----
Hexes          | 4 |  4.8
Stealth        | 5 |  5.8
Short Blades   | |  1.1
Dodging        | |  3.0
Spellcasting   | |  2.6

Action                   || total
-------------------------++-------
Melee: Dagger            ||    49
 Cast: Corona            ||     2
       Ensorcelled Hiber ||     1
  Use: Potion            ||     1
 Stab: Sleeping          ||     4
       Invisible         ||     2
       Distracted        ||     1
  Eat: Bread ration      ||     1
Armor: Robe              ||     5
Dodge: Dodged            ||    41
